AoeStats
← spy guy

MegaRandom

506734803Analyzed
3v3 RM · 17d ago on Sep 14, 2026· 47m 10s· 6 players
Game mode
Random Map
Map size
Normal (6 player)
Population
200
Speed
Normal
Resources
Standard
Victory
Conquest
Starting age
Dark Age
Ending age
Imperial Age
RankedLock teamsTeams togetherTeam positionsShared explorationLock speedFull tech treeHidden civsTurbo modeCheats
Victory
Defeat
🇬🇧 Armenians · United Kingdom
1427
+10
🇬🇧 Jurchens · United Kingdom
1331
+14
🇬🇧 Italians · United Kingdom
1059
+68
🇨🇱 Franks · Chile
1296
-17
🇸🇪 Koreans · Sweden
1293
-17
🇻🇳 Muisca · Vietnam
1271
-16
bina
0:38 Loom
9:02 Feudal Age
12:39 Fletching
15:02 Padded Archer Armor
16:55 Double-Bit Axe
17:07 Horse Collar
21:30 Wheelbarrow
23:13 Castle Age
21:39 Gold Mining
22:58 Stone Mining
23:16 Crossbowman
23:56 Bodkin Arrow
24:16 Leather Archer Armor
24:31 Thumb Ring
25:16 Bow Saw
26:31 Wheelbarrow
31:59 Squires
31:21 Pikeman
32:41 Scale Mail Armor
32:52 Forging
36:37 Imperial Age
34:38 Chain Mail Armor
35:20 Heavy Plow
36:44 Arbalester
38:06 Hand Cart
38:43 Bracer
39:06 Ballistics
40:18 Plate Mail Armor
42:48 Iron Casting
43:47 Chemistry
43:31 Herbalism
43:53 Conscription
44:09 Town Watch
44:30 Elite Temple Guard
scarabe
9:31 Loom
11:22 Feudal Age
9:38 Loom
17:06 Castle Age
16:52 Fletching
20:02 Double-Bit Axe
20:22 Elite Skirmisher
21:41 Bodkin Arrow
25:32 Town Watch
26:53 Ballistics
30:49 Crossbowman
34:25 Thumb Ring
40:53 Imperial Age
42:44 Chemistry
41:48 Bracer
42:14 Arbalester
Gabo_Reyes
7:47 Loom
10:14 Feudal Age
11:09 Double-Bit Axe
14:21 Wheelbarrow
20:17 Castle Age
18:52 Gold Mining
20:26 Scale Barding Armor
21:37 Chain Barding Armor
22:03 Husbandry
22:34 Town Watch
23:36 Forging
30:02 Iron Casting
30:24 Gold Shaft Mining
32:08 Bow Saw
33:02 Stone Mining
36:04 Imperial Age
36:15 Cavalier
38:03 Blast Furnace
38:18 Hand Cart
spy guy
0:56 Loom
6:25 Loom
10:26 Feudal Age
14:56 Castle Age
12:57 Horse Collar
13:15 Double-Bit Axe
15:14 Wheelbarrow
21:54 Bow Saw
21:49 Heavy Plow
22:40 Hand Cart
22:47 Stone Mining
23:15 Gold Mining
25:04 Stone Shaft Mining
25:11 Gold Shaft Mining
28:01 Imperial Age
26:29 Scale Barding Armor
27:30 Forging
28:19 Stone Shaft Mining
28:20 Gold Shaft Mining
28:16 Chain Barding Armor
29:23 Iron Casting
29:32 Conscription
29:58 Husbandry
30:09 Bloodlines
31:17 Blast Furnace
30:52 Plate Barding Armor
31:10 Elite Iron Pagoda
32:43 Conscription
33:41 Fletching
35:35 Bodkin Arrow
41:59 Bracer
42:00 Padded Archer Armor
44:03 Fortified Wall
47:21 Gold Shaft Mining
48:25 Chemistry
In TRUSH we trust (washed)
6:13 Loom
8:46 Feudal Age
9:36 Double-Bit Axe
12:47 Fletching
18:55 Castle Age
17:14 Gold Mining
19:41 Bodkin Arrow
20:34 Crossbowman
22:52 Padded Archer Armor
23:47 Horse Collar
26:51 Wheelbarrow
37:01 Imperial Age
35:01 Scale Barding Armor
35:43 Bloodlines
35:33 Husbandry
36:14 Bow Saw
35:55 Gold Mining
36:10 Scale Mail Armor
36:44 Chain Barding Armor
36:45 Husbandry
39:07 Chain Barding Armor
41:56 Bracer
42:35 Plate Barding Armor
42:20 Town Watch
42:49 Cavalier
44:55 Forging
44:42 Light Cavalry
46:04 Conscription
46:10 Hussar
tomtom>W<
0:32 Loom
13:59 Feudal Age
14:11 Man-at-Arms
15:50 Double-Bit Axe
15:53 Horse Collar
16:37 Long Swordsman
18:43 Scale Mail Armor
19:12 Arson
19:37 Forging
20:08 Fletching
23:54 Castle Age
22:36 Gold Mining
24:07 Forging
24:53 Squires
24:39 Gambesons
25:22 Bodkin Arrow
25:36 Two-Handed Swordsman
26:38 Chain Mail Armor
26:33 Two-Handed Swordsman
35:34 Arson
37:04 Wheelbarrow
37:53 Bow Saw
39:37 Hand Cart
40:06 Heavy Plow
39:55 Town Watch
44:46 Imperial Age
42:32 Champion
44:08 Iron Casting
43:36 Stone Mining
45:13 Gold Shaft Mining
45:21 Padded Archer Armor
46:14 Plate Mail Armor
46:44 Blast Furnace
46:29 Fereters
46:45 Conscription
47:12 Conscription
47:35 Bracer
47:50 Leather Archer Armor
Connection lost

Rejoining the realm…

Still unreachable

The connection could not be restored.

Session expired

The server has moved on; the page needs a fresh start.